 Dungeon Crawl Stone Soup version 0.27.0-1-g7a089689b8 (webtiles) character file.

Game seed: 12489756298423630512

315 Acheron the Chopper (level 6, -1/84 HPs)
             Began as a Minotaur Berserker on Aug 2, 2021.
             Was a Believer of Trog.
             Slain by a lemure (6 damage)
             ... led by Pikel
             ... on level 4 of the Dungeon.
             The game lasted 00:08:22 (2940 turns).

Acheron the Chopper (Minotaur Berserker)            Turns: 2940, Time: 00:08:23

Health: -1/84      AC:  3    Str: 21    XL:     6   Next: 20%
Magic:  5/5        EV: 16    Int:  6    God:    Trog [**....]
Gold:   132        SH:  0    Dex: 10    Spells: 5/5 levels left

rFire    . . .     SeeInvis +   a - +0 hand axe
rCold    + . .     Faith    .   (no shield)
rNeg     . . .     Spirit   .   t - +0 leather armour {rC+}
rPois    .         Reflect  .   (helmet restricted)
rElec    .         Harm     .   (no cloak)
rCorr    .         Rampage  .   (no gloves)
Will     ++...                  (no boots)
Stlth    ..........             (no amulet)
HPRegen  1.24/turn              h - +4 ring of evasion
MPRegen  0.09/turn              q - ring of see invisible

@: berserking, strong-willed, regenerating, very quick
A: horns 2, retaliatory headbutt
a: Renounce Religion, Berserk, Trog's Hand


You were on level 4 of the Dungeon.
You worshipped Trog.
Trog was pleased with you.
You visited 1 branch of the dungeon, and saw 4 of its levels.

You collected 132 gold pieces.

Inventory:

Hand Weapons
 a - a +0 hand axe (weapon)
 e - a +0 great sword
Missiles
 d - 50 bolts
Armour
 t - a +0 leather armour of cold resistance (worn)
Jewellery
 h - a +4 ring of evasion (left hand)
 q - a ring of see invisible (right hand)
Scrolls
 b - a scroll of summoning {unknown}
 c - a scroll of fog {unknown}
 j - a scroll of noise {unknown}
 l - a scroll of identify
 m - a scroll of vulnerability {unknown}
 n - a scroll of enchant weapon {unknown}
 r - a scroll of fear {unknown}
 s - a scroll of torment {unknown}
Potions
 f - a potion of lignification {unknown}
 i - a potion of curing
 k - a potion of flight {unknown}
 o - a potion of haste {unknown}
 p - a potion of degeneration


   Skills:
 * Level 5.0 Fighting
 * Level 5.7 Axes
 * Level 4.1 Armour
 * Level 3.2 Dodging
 * Level 1.5 Stealth


You had 5 spell levels left.
You didn't know any spells.
Your spell library was empty.

Dungeon Overview and Level Annotations

Branches:
Dungeon (4/15)
 Temple: D:4-7

Altars:
Wu Jian

Annotations:
D:4 Eustachio, Pikel


Innate Abilities, Weirdness & Mutations

You have a pair of horns on your head.
You reflexively headbutt those who attack you in melee.


Message History

You kill the lemure!
That felt strangely unrewarding.
Pikel hits you with a +2 whip of freezing!
* * * LOW HITPOINT WARNING * * *
The lemure hits you but does no damage.
Eustachio gestures wildly while chanting.
You hit Pikel.
Pikel is moderately wounded.
You hit the rat. You closely miss the rat. You barely miss the lemure.
The bat disappears in a puff of smoke!
The rat disappears in a puff of smoke!
The bat hits you but does no damage. Pikel misses you. You furiously retaliate!
You headbutt Pikel! The lemure misses you. You furiously retaliate!
You headbutt the lemure. The rat bites you.
* * * LOW HITPOINT WARNING * * *
The bat closely misses you. Eustachio barely misses you.
The rat completely misses you.
You hit Pikel but do no damage. Your headbutt misses Pikel.
Pikel is heavily wounded.
You hit the bat. You closely miss the quokka. You hit the quokka.
You closely miss Eustachio. You hit the rat.
You kill the rat!
The rat's corpse disappears in a puff of smoke!
The bat closely misses you. The quokka barely misses you. x2
You furiously retaliate!
You headbutt the quokka!
You kill the quokka!
The quokka's corpse disappears in a puff of smoke!
Pikel hits you with a +2 whip of freezing!
* * * LOW HITPOINT WARNING * * *
Pikel freezes you.
* * * LOW HITPOINT WARNING * * *
Eustachio hits you with a +0 rapier.
* * * LOW HITPOINT WARNING * * *
A red film seems to cover your vision as you go berserk!
You feel yourself moving faster!
You feel mighty!
The quokka bites you but does no damage.
The bat misses you. You furiously retaliate!
You headbutt the bat!
You kill the bat!
The bat's corpse disappears in a puff of smoke!
Pikel closely misses you. The lemure hits you.
You die...

####............# #
###..........##### #
#..............# #
#..............#
##..............#
#...............#
#...............#
#..........r....#
#..........§@§..#
#.######...@5K..#'# #...#
#............. ####...##
#............. ...>....#
#...>.........
........##########'######
.....................#
.....................#
.......................


You could see Eustachio, Pikel, a lemure and a quokka (summoned).

Vanquished Creatures
  Duvessa (D:4)
  3 lemures (D:4)
  Dowan (D:4)
  A jelly (D:4)
  A human skeleton (D:4)
  3 adders
  A white imp (D:3)
  3 worms
  6 dart slugs
  An endoplasm (D:1)
  2 giant cockroaches
  7 goblins
  3 hobgoblins
  6 kobolds
  2 quokkas
  4 ball pythons
  5 bats
  2 frilled lizards
  6 rats
58 creatures vanquished.

Notes
Turn   | Place    | Note
-------+----------+-------------------------------------------
     0 | D:1      | Acheron the Minotaur Berserker began the quest for the Orb.
     0 | D:1      | Reached XP level 1. HP: 19/19 MP: 0/0
    56 | D:1      | Found a faded altar of an unknown god.
   134 | D:1      | Reached XP level 2. HP: 22/27 MP: 1/1
   651 | D:1      | Reached XP level 3. HP: 27/33 MP: 2/2
   854 | D:1      | Reached ** piety under Trog
  1224 | D:2      | Found an ornate altar of the Wu Jian Council.
  1753 | D:3      | Reached XP level 4. HP: 40/41 MP: 3/3
  2129 | D:4      | Reached skill level 1 in Stealth
  2166 | D:4      | Noticed a lemure
  2167 | D:4      | Noticed a lemure
  2167 | D:4      | Noticed a lemure
  2167 | D:4      | Noticed a lemure
  2168 | D:4      | Noticed Pikel
  2175 | D:4      | Killed a lemure
  2192 | D:4      | Killed a lemure
  2450 | D:4      | Noticed Duvessa
  2450 | D:4      | Noticed Dowan
  2455 | D:4      | Killed Dowan
  2456 | D:4      | Reached skill level 5 in Axes
  2456 | D:4      | Reached XP level 5. HP: 27/47 MP: 4/4
  2458 | D:4      | HP: 3/70 [Duvessa (12)]
  2459 | D:4      | Killed Duvessa
  2896 | D:4      | Reached XP level 6. HP: 51/55 MP: 5/5
  2915 | D:4      | Noticed Eustachio
  2920 | D:4      | Reached skill level 5 in Fighting
  2939 | D:4      | HP: 2/56 [Eustachio (1)]
  2940 | D:4      | Slain by a lemure

Illustrated notes

Levels and vault maps discovered:
D:1:      denvon_arrival_planthouse, layout_basic,
          ebering_ecumenical_altar_webs, minmay_split_cup_small
D:2:      cheibrodos_helix_gallery, layout_loops_ring, basic_altar
D:3:      layout_loops_ring
D:4:      layout_basic, nicolae_ossuary_entry_catacombs, uniq_duvessa,
          uniq_eustachio, uniq_pikel

Skill      XL: |  1  2  3  4  5  6 |
---------------+-------------------+-----
Axes           | 4 5 |  5.7
Fighting       | 4 5 |  5.0
Armour         | 3 4 |  4.1
Stealth        | 1 |  1.5
Dodging        | 3 |  3.2

Action                   |  1- 3 |  4- 6 || total
-------------------------+-------+-------++-------
Melee: Hand axe          |   106 |    71 ||   177
       Headbutt          |    19 |    14 ||    33
Invok: Berserk           |       |     2 ||     2
       Trog's Hand       |       |     2 ||     2
  Use: Scroll            |       |     2 ||     2
       Potion            |       |     1 ||     1
Armor: Animal skin       |     9 |       ||     9
       Ring mail         |    39 |     3 ||    42
       Leather armour    |       |     9 ||     9
Dodge: Dodged            |    65 |    65 ||   130
